 Dungeon Crawl Stone Soup version 0.28.0-62-gf88900778d (webtiles) character file.

Game seed: 4555770910607442312

30 execc the Ducker (level 3, -2/39 HPs)
             Began as an Octopode Berserker on Apr 10, 2024.
             Was a Follower of Trog.
             Slain by a hobgoblin (6 damage)
             ... led by Robin
             ... on level 2 of the Dungeon.
             The game lasted 00:01:09 (911 turns).

execc the Ducker (Octopode Berserker)                Turns: 911, Time: 00:01:10

Health: -2/39      AC:  1    Str: 18    XL:     3   Next: 18%
Magic:  3/3        EV: 13    Int:  9    God:    Trog [*.....]
Gold:   34         SH:  0    Dex: 11    Spells: 2/2 levels left

rFire   . . .      SeeInvis .   a - +0 spear
rCold   . . .      Faith    .   (no shield)
rNeg    . . .      Spirit   .   (helmet restricted)
rPois   .          Reflect  .   (no amulet)
rElec   .          Harm     .   (no ring)
rCorr   .          Rampage  .   (no ring)
Will    .....                   (no ring)
Stlth   ..........              (no ring)
HPRegen 0.13/turn               (no ring)
MPRegen 0.08/turn               (no ring)
                                (no ring)
                                (no ring)

@: berserking, very quick
A: almost no armour, amphibious, 8 rings, camouflage 1, gelatinous body 1,
(nimble swimmer 1), tentacles
a: Renounce Religion, Berserk


You were on level 2 of the Dungeon.
You worshipped Trog.
Trog was aware of your devotion.
You visited 1 branch of the dungeon, and saw 2 of its levels.

You collected 34 gold pieces.

Inventory:

Hand Weapons
 a - a +0 spear (weapon)
Jewellery
 b - a ring of poison resistance
Potions
 c - a potion of flight {unknown}
 d - a potion of degeneration {unknown}
 e - a potion of haste {unknown}


   Skills:
 + Level 3.4 Fighting
 + Level 3.4 Polearms
 + Level 3.4 Dodging


You had 2 spell levels left.
You didn't know any spells.
Your spell library was empty.

Dungeon Overview and Level Annotations

Branches:
Dungeon (2/15)

Altars:

Shops:
D:1 =

Annotations:
D:2 Robin


Innate Abilities, Weirdness & Mutations

You cannot wear most types of armour.
You are amphibious.
You can wear up to eight rings at the same time.
Your skin changes colour to match your surroundings (Stealth+).
Your rubbery body absorbs attacks. (AC +1, EV +1)
((You are camouflaged when in or above water. (Stealth+)))
You have tentacles for arms and can constrict up to eight enemies at once.


Message History

You are too injured to fight recklessly!
You puncture the goblin!
You kill the goblin!
Trog accepts your kill. The goblin closely misses you.
Things that are here:
a +0 dagger; a goblin corpse You hit the goblin.
You kill the goblin!
Trog accepts your kill.
There is a stone staircase leading down here.
You see here a +0 club.
You start resting.
HP restored.
You climb downwards.
Level annotation: Robin The hobgoblin closely misses you.
The goblin hits you with a +0 dagger. The ball python misses you.
The ball python grabs you. The ball python constricts you.
Robin hits you with a +0 whip. The hobgoblin closely misses you.
The goblin hits you with a +0 dagger. x2
The ball python bites you. The ball python constricts you.
There is a stone staircase leading up, spattered with blood here.
Unknown command.
Unknown command.
You escape the ball python's grasp.
Robin roars a battlecry!
The goblins go into a battle-frenzy!
The goblin hits you with a +0 dagger.
The ball python bites you but does no damage.
The ball python closely misses you. Robin throws the goblin at you!
The goblin hits you with a +0 dagger. The ball python closely misses you.
The ball python grabs you. The ball python constricts you.
You escape the ball python's grasp.
The goblin hits you with a +0 dagger.
* * * LOW HITPOINT WARNING * * *
The goblin closely misses you. The goblin closely misses you.
You see here 18 gold pieces.
A red film seems to cover your vision as you go berserk!
You feel yourself moving faster!
You feel mighty! The hobgoblin hits you.
You die...

#.# #.# #.# #.# .
#.###### $..
#......#....
#.######S...)......
#.....@ggggg..#
########gg.).......
##.....#.#..
####### #


You could see Robin, 2 hobgoblins, 4 goblins and a ball python.

Vanquished Creatures
  An endoplasm (D:1)
  A giant cockroach (D:1)
  10 goblins
  2 hobgoblins (D:1)
  2 kobolds (D:1)
  A quokka (D:1)
  5 ball pythons (D:1)
  2 bats (D:1)
  A rat (D:1)
25 creatures vanquished.

Notes
Turn   | Place    | Note
-------+----------+-------------------------------------------
     0 | D:1      | execc the Octopode Berserker began the quest for the Orb.
     0 | D:1      | Reached XP level 1. HP: 16/16 MP: 1/1
   228 | D:1      | Reached XP level 2. HP: 21/21 MP: 2/2
   357 | D:1      | Found a faded altar of an unknown god.
   484 | D:1      | Found Vaepsoale's Jewellery Boutique.
   691 | D:2      | Noticed Robin
   693 | D:2      | Reached XP level 3. HP: 26/26 MP: 3/3
   911 | D:2      | Slain by a hobgoblin

Illustrated notes

Levels and vault maps discovered:
D:1:      minmay_arrival_semitransparent, layout_basic,
          hellmonk_ecumenical_altar_arch_garden, serial_shops, shop
D:2:      layout_loops_ring, uniq_robin

Action                   || total
-------------------------++-------
Melee: Spear             ||    42
       Tentacles         ||     8
       Constrict         ||    11
       Punch             ||     1
Invok: Berserk           ||     1
 Stab: Sleeping          ||     1
Armor: Skin              ||     3
Dodge: Dodged            ||    25
